 Dungeon Crawl Stone Soup version 0.24-a0-446-g87df7205b4 (webtiles) character file.

Game seed: 2865324371995977158

639 Gargoyl the Skirmisher (level 7, -1/59 HPs)
             Began as a Centaur Abyssal Knight on June 24, 2019.
             Was a Priest of Lugonu.
             Slain by an orc wizard
             ... wielding a +0 dagger of electrocution
              (13 damage)
             ... on level 4 of the Dungeon.
             The game lasted 00:05:12 (4176 turns).

Gargoyl the Skirmisher (Centaur Abyssal Knight)     Turns: 4176, Time: 00:05:12

Health: -1/59      AC: 11    Str: 21    XL:     7   Next: 25%
Magic:  9/9        EV:  6    Int: 11    God:    Lugonu [***...]
Gold:   190        SH:  0    Dex: 10    Spells: 6/6 levels left

rFire    x . .     SeeInvis .   k - +4 mace "Fempaekine" {drain, rF- MR+ Str+6}
rCold    . . .     Gourm    .   (no shield)
rNeg     . . .     Faith    .   d - +1 chain mail
rPois    +         Spirit   .   (no helmet)
rElec    .         Reflect  .   p - +1 cloak {rPois}
rCorr    .         Harm     .   (no gloves)
MR       +....                  (no barding)
Stlth    ..........             (no amulet)
HPRegen  0.19/turn              (no ring)
MPRegen  0.11/turn              (no ring)

@: very quick
A: large, hooves 3, deformed body, speed 2, tough skin 3
a: Depart the Abyss, Bend Space, Banish, Renounce Religion


You were on level 4 of the Dungeon.
You worshipped Lugonu.
Lugonu was most pleased with you.
You were not hungry.

You visited 1 branch of the dungeon, and saw 4 of its levels.
You visited the Abyss 1 time.

You collected 190 gold pieces.

Inventory:

Hand Weapons
 a - a +1 hand axe
 k - the +4 mace "Fempaekine" (weapon) {drain, rF- MR+ Str+6}
   (You found it on level 1 of the Dungeon)

   A truly terrible weapon, it drains the life of those it strikes.
   It affects your strength (+6).
   It makes you vulnerable to fire.
   It affects your resistance to hostile enchantments.
Missiles
 m - 8 boomerangs (quivered)
Armour
 d - a +1 chain mail (worn)
 p - a +1 cloak of poison resistance (worn)
Jewellery
 i - an uncursed amulet of faith {unknown}
Wands
 f - a wand of paralysis (5)
Scrolls
 h - 3 scrolls of remove curse
 n - a scroll of blinking {unknown}
Potions
 b - a potion of mutation
 e - 3 potions of curing {unknown}
 g - 3 potions of lignification {unknown}
 j - 4 potions of brilliance {unknown}
 l - a potion of haste {unknown}
 o - a potion of might {unknown}
 q - a potion of cancellation {unknown}
Comestibles
 c - 7 rations
 r - 7 chunks of flesh


   Skills:
 + Level 4.0 Fighting
 + Level 2.4(3.2) Axes
 + Level 3.2(3.6) Maces & Flails
 * Level 3.4 Armour
 * Level 2.1 Dodging
 * Level 3.8 Invocations


You had 6 spell levels left.
You didn't know any spells.
Your spell library was empty.

Dungeon Overview and Level Annotations

Branches:
Dungeon (4/15)
 Temple: D:4-7

Altars:
Ashenzari
Vehumet
Yredelemnul


Innate Abilities, Weirdness & Mutations

You have hooves in place of feet.
Armour fits poorly on your strangely shaped body.
You cover ground very quickly.
You have extremely tough skin. (AC +3)


Message History

The orc wizard hits you but does no damage.
Your chain mail prevents you from hitting the orc wizard.
The orc wizard points at you and mumbles some strange words.
You resist with almost no effort.
You miss the orc wizard. Your kick misses the orc wizard.
The orc wizard hits you but does no damage.
You are electrocuted!
* * * LOW HITPOINT WARNING * * *
You miss the orc wizard. Your kick misses the orc wizard.
The orc wizard points at you and mumbles some strange words.
The magic dart hits you.
* * * LOW HITPOINT WARNING * * *
You closely miss the orc wizard.
The orc wizard points at you and mumbles some strange words.
You resist with almost no effort.
The orc wizard hits you but does no damage.
You closely miss the orc wizard. Your kick misses the orc wizard.
The orc wizard hits you but does no damage.
You are electrocuted!
You die...

## #.....≈≈♣ ♣≈≈≈♣ .#
#......≈♣ ♣≈.≈♣ ≈≈ .#
#<.....≈♣♣♣≈.≈♣♣♣≈≈≈♣ .#
##....≈≈≈≈≈≈)≈≈≈≈≈≈≈≈
.##......≈.≈≈.≈...≈.≈.≈≈
................####....
#..#....................
..###................##.
..##.........<).@o......
....................##.#
..##.<..............#
#.###...............#
#.# ##.....#........#
#.# #.###....).....# ..
#. ##........## # #
###...>.....#
#...........#


You could see an orc wizard.

Vanquished Creatures
  An ogre (D:4)
  A scorpion (D:4)
  A centaur zombie (D:2)
  A gnoll shaman (D:4)
  An orc priest (D:4)
  Crazy Yiuf (D:3)
  An iguana (D:3)
  2 worker ants
  4 orc wizards (D:4)
  7 gnolls
  3 adders (D:2)
  An ooze (D:1)
  3 worms
  3 dart slugs
  4 leopard geckos
  9 orcs
  5 giant cockroaches (D:1)
  8 hobgoblins
  A quokka (D:3)
  7 bats
  11 frilled lizards
  9 goblins
  7 kobolds
  3 rats
94 creatures vanquished.

Notes
Turn   | Place    | Note
-------+----------+-------------------------------------------
     0 | Abyss:1  | Gargoyl the Centaur Abyssal Knight began the quest for the
                  | Orb.
     0 | Abyss:1  | Reached XP level 1. HP: 19/19 MP: 2/2
   119 | Abyss:1  | Found a corrupted altar of Lugonu.
   195 | Abyss:1  | Noticed a raiju
   213 | D:1      | Escaped the Abyss
   273 | D:1      | Reached * piety under Lugonu
   390 | D:1      | Reached XP level 2. HP: 26/26 MP: 3/3
   808 | D:1      | Got an encrusted mace
   809 | D:1      | Identified the +4 mace "Fempaekine" {drain, rF- MR+ Str+6}
                  | (You found it on level 1 of the Dungeon)
   843 | D:1      | Reached skill level 1 in Dodging
   843 | D:1      | Reached XP level 3. HP: 31/31 MP: 4/4
  1390 | D:2      | Reached ** piety under Lugonu
  1390 | D:2      | Reached XP level 4. HP: 20/38 MP: 5/5
  2033 | D:2      | Reached skill level 1 in Maces & Flails
  2033 | D:2      | Reached XP level 5. HP: 45/45 MP: 7/7
  2848 | D:3      | Found a runed translucent door.
  2849 | D:3      | Noticed Crazy Yiuf
  2856 | D:3      | Killed Crazy Yiuf
  3420 | D:3      | Found a basalt altar of Yredelemnul.
  3420 | D:3      | Found a shattered altar of Ashenzari.
  3421 | D:3      | Found a radiant altar of Vehumet.
  3586 | D:4      | Reached XP level 6. HP: 43/52 MP: 8/8
  3656 | D:4      | Reached *** piety under Lugonu
  3785 | D:4      | Reached XP level 7. HP: 6/58 MP: 9/9
  4146 | D:4      | Reached skill level 4 in Fighting
  4176 | D:4      | Slain by an orc wizard

Levels and vault maps discovered:
D:1:      minmay_arrival_cross, layout_basic, minmay_misc_feat_columns,
          dk_noncrumbling_2, chequers_serial_rivers_room_b,
          minmay_misc_feat_tiny, minmay_lizard_pond
D:2:      layout_loops_ring
D:3:      layout_loops_ring, gammafunk_temple_overflow_forgotten,
          uniq_crazy_yiuf_cottage
D:4:      layout_rooms, minmay_misc_feat_x, kennysheep_boxes

Skill      XL: |  1  2  3  4  5  6  7 |
---------------+----------------------+-----
Axes           | 2 |  2.4
Dodging        | 1 2 |  2.1
Armour         | 2 3 |  3.4
Maces & Flails | 1 2 3 |  3.2
Invocations    | 3 |  3.8
Fighting       | 4 |  4.0

Action                   |  1- 3 |  4- 6 |  7- 9 || total
-------------------------+-------+-------+-------++-------
Melee: Hand axe          |    47 |       |       ||    47
       Kick              |     9 |    36 |     3 ||    48
       Mace              |    21 |   135 |    18 ||   174
Invok: Depart the Abyss  |     1 |       |       ||     1
  Use: Scroll            |       |     6 |       ||     6
  Eat: Chunk             |       |     6 |     2 ||     8
Armor: Chain mail        |    72 |    95 |    10 ||   177
Dodge: Dodged            |    15 |    44 |     2 ||    61

Table legend:
 A = Non-vault XP
 B = Vault XP
 C = Vault XP percentage of total XP
 D = Non-vault monster count
 E = Vault monster count
 F = Vault count percentage of total count
                 A         B        C        D         E       F
            +---------+---------+-------+---------+---------+-------
      Total |     868 |      45 |   4.9 |      87 |       7 |   7.4
            +---------+---------+-------+---------+---------+-------
        D:1 |      47 |       6 |  11.3 |      24 |       6 |  20.0
        D:2 |     158 |       0 |   0.0 |      21 |       0 |   0.0
        D:3 |     114 |      39 |  25.5 |      19 |       1 |   5.0
        D:4 |     549 |       0 |   0.0 |      23 |       0 |   0.0
            +---------+---------+-------+---------+---------+-------
